 Dungeon Crawl Stone Soup version 0.29-a0-994-gc5c9f59d18 (webtiles) character file.

Game seed: 10353725215667963182

68 vurker the Sneak (level 4, -3/23 HPs)
             Began as a Vine Stalker Enchanter on Aug 3, 2022.
             Slain by Crazy Yiuf
             ... wielding a +4 quarterstaff of chaos
              (11 damage)
             ... on level 2 of the Dungeon.
             The game lasted 00:02:56 (2803 turns).

vurker the Sneak (Vine Stalker Enchanter)           Turns: 2803, Time: 00:02:56

Health: -3/23      AC:  9    Str: 12    XL:     4   Next: 19%
Magic:  0/8        EV: 10    Int: 15    God:
Gold:   66         SH:  0    Dex: 15    Spells: 7/7 levels left

rFire   . . .      SeeInvis .   a - +1 dagger
rCold   . . .      Faith    .   (no shield)
rNeg    . . .      Spirit   +   k - +1 chain mail
rPois   .          Reflect  .   (no helmet)
rElec   .          Harm     .   (no cloak)
rCorr   .          Rampage  .   (no gloves)
Will    .....                   (no boots)
Stlth   ..........              (no amulet)
HPRegen 0.87/turn               (no ring)
MPRegen 0.11/turn               (no ring)

@: agile
A: fangs 2, regeneration 1, magic shield, antimagic bite, no potion heal 2
a: no special abilities


You were on level 2 of the Dungeon.
You visited 1 branch of the dungeon, and saw 2 of its levels.

You collected 66 gold pieces.

Inventory:

Hand Weapons
 a - a +1 dagger (weapon)
Armour
 k - a +1 chain mail (worn)
   (You found it on level 1 of the Dungeon)
Scrolls
 i - 2 scrolls of silence
 j - a scroll of immolation
Potions
 b - a potion of haste
 c - 2 potions of invisibility


   Skills:
 + Level 1.6 Fighting
 * Level 2.9 Short Blades
 - Level 1.5 Dodging
 - Level 3.6 Stealth
 - Level 2.1 Spellcasting
 - Level 3.0 Hexes


You had 7 spell levels left.
You didn't know any spells.
Your spell library contained the following spells:

 Spells                   Type           Power      Damage    Failure   Level
 Ensorcelled Hibernation  Hex/Ice        12%        N/A       100%        2
 Confusing Touch          Hex            10%        N/A       100%        3
 Dazzling Flash           Conj/Hex       12%        N/A       100%        3
 Tukima's Dance           Hex            10%        N/A       100%        3


Dungeon Overview and Level Annotations

Branches:
Dungeon (2/15)

Altars:

Annotations:
D:2 Crazy Yiuf


Innate Abilities, Weirdness & Mutations

You have extremely sharp teeth.
Your natural rate of healing is unusually fast.
When hurt, damage is shared between your health and your magic reserves.
Your bite disrupts and absorbs the magic of your enemies.
Potions cannot restore your health.


Message History

You feel strangely unstable.
It was a scroll of teleportation.
Crazy Yiuf yells, "Sif Muna Hive childish!"
As you read the scroll labelled MUADWO VEDE, it crumbles to dust.
The scroll dissolves into smoke.
It was a scroll of fog.
Crazy Yiuf twirls on the spot.
As you read the scroll labelled NADYRI JIRERPHE, it crumbles to dust.
The air around you briefly surges with heat, but it dissipates.
It was a scroll of immolation.
As you read the scroll labelled TIGRUEFOUL, it crumbles to dust.
It is a scroll of enchant armour.
Your +0 chain mail glows green for a moment.
Your surroundings suddenly seem different.
As you read the scroll labelled XAOX APOLUMN, it crumbles to dust.
It is a scroll of amnesia.
You feel forgetful for a moment.
Okay, then.
There is a stone staircase leading down here.
Crazy Yiuf shouts!
Things that are here:
a potion of attraction; 2 scrolls of noise Could not explore, unopened runed door.
Could not explore, unopened runed door.
You open the door. You hit Crazy Yiuf but do no damage.
You bite Crazy Yiuf, but do no damage.
Crazy Yiuf hits you with a +4 quarterstaff of chaos.
You feel your power leaking away.
You hit Crazy Yiuf but do no damage. You barely miss Crazy Yiuf.
Your bite misses Crazy Yiuf.
Crazy Yiuf hits you with a +4 quarterstaff of chaos!
You hit Crazy Yiuf.
Crazy Yiuf screams, "Flower canine hog!"
Crazy Yiuf barely misses you.
You closely miss Crazy Yiuf. Your bite misses Crazy Yiuf.
Crazy Yiuf barely misses you.
You hit Crazy Yiuf. You bite Crazy Yiuf, but do no damage.
Crazy Yiuf hits you but does no damage.
You hit Crazy Yiuf.
Crazy Yiuf hits you with a +4 quarterstaff of chaos.
Crazy Yiuf draws strength from your wounds!
You barely miss Crazy Yiuf.
Crazy Yiuf hits you with a +4 quarterstaff of chaos.
You feel agile all of a sudden.
You closely miss Crazy Yiuf. You bite Crazy Yiuf, but do no damage.
You hit Crazy Yiuf but do no damage.
Crazy Yiuf says, "Ghoul Xom meccalolo!"
Crazy Yiuf hits you with a +4 quarterstaff of chaos!
* * * LOW HITPOINT WARNING * * *
You barely miss Crazy Yiuf.
Crazy Yiuf hits you with a +4 quarterstaff of chaos!
You die...

####.#### ##.............
#.......# #######.#.####
#.##.##.# #.......#[.. #.#######
#####...'... #.# ###...#...
#.######## #.....#...
#..#...#.### ### #.#>..####
#.......#..##...# #.#.......
#(.....####@g...# #.........
##.#..## ###..)# #.....#.##
####### ### ###.#.#.# #..#
#.....# #### #.## ###.#### ...#
#.################## #.###.
##>###.##............#..####.##.#
.......####.#####.........)..#.##
...###......# #...##..#####.##


You could see Crazy Yiuf.

Vanquished Creatures
  An adder (D:2)
  A worm (D:2)
  4 dart slugs
  A ball python (D:1)
  5 endoplasms
  A giant cockroach (D:1)
  2 goblins
  7 hobgoblins
  6 jackals
  2 kobolds (D:2)
  A quokka (D:2)
  2 bats (D:1)
  4 frilled lizards
  8 rats
45 creatures vanquished.

Notes
Turn   | Place    | Note
-------+----------+-------------------------------------------
     0 | D:1      | vurker the Vine Stalker Enchanter began the quest for the
                  | Orb.
     0 | D:1      | Reached XP level 1. HP: 9/9 MP: 4/4
    32 | D:1      | Reached skill level 1 in Short Blades
   280 | D:1      | Reached XP level 2. HP: 14/14 MP: 6/6
   857 | D:1      | Reached skill level 1 in Fighting
   886 | D:1      | Reached XP level 3. HP: 8/18 MP: 5/7
  2320 | D:2      | Found a runed translucent door.
  2321 | D:2      | Noticed Crazy Yiuf
  2402 | D:2      | Gained mutation: Your natural rate of healing is unusually
                  | fast. [Vine Stalker growth]
  2402 | D:2      | Reached XP level 4. HP: 19/22 MP: 6/8
  2803 | D:2      | Slain by Crazy Yiuf

Illustrated notes

Levels and vault maps discovered:
D:1:      scummos_arrival_gate, layout_rooms, serial_rivers,
          chequers_serial_rivers_micro_c, chequers_serial_rivers_small_a,
          chequers_serial_rivers_micro_d, chequers_serial_rivers_room_a,
          palyth_stone_intersect, chequers_serial_rivers_micro_d,
          nicolae_concentric_dashed_squares_mild
D:2:      layout_loops_cross, nrook_mini_vaults, uniq_crazy_yiuf_cottage

Skill      XL: |  1  2 |
---------------+-------+-----
Short Blades   | 1 2 |  2.9
Fighting       | 1 |  1.6
Dodging        | |  1.5
Stealth        | |  3.6
Spellcasting   | |  2.1
Hexes          | |  3.0

Action                   |  1- 3 |  4- 6 || total
-------------------------+-------+-------++-------
Melee: Dagger            |   125 |    30 ||   155
       Bite              |    36 |    10 ||    46
  Use: Scroll            |       |     9 ||     9
 Stab: Sleeping          |     2 |       ||     2
Armor: Robe              |     3 |       ||     3
       Scale mail        |    13 |       ||    13
       Chain mail        |    45 |     5 ||    50
Dodge: Dodged            |    33 |     5 ||    38

Table legend: (Time is in decaauts)
 A = Elapsed time spent in this place.
 B = Non-inter-level travel time spent in this place.
 C = Inter-level travel time spent in this place.
 D = Time resting spent in this place.
 E = Time spent auto-exploring this place.
 F = Levels seen in this place.
 G = Mean time per level.
                   A        B        C        D        E       F      G
               +--------+--------+--------+--------+--------+-----+--------+
         Total |   2788 |   2744 |     44 |    170 |   2195 |   2 | 1394.0 |
       Dungeon |   2788 |   2744 |     44 |    170 |   2195 |   2 | 1394.0 |
               +--------+--------+--------+--------+--------+-----+--------+

Top non-repeatable levels by time:
     D:1: 1692 daAuts
     D:2: 1095 daAuts
